nht, chaotic female elven Wizard - ---.. -.>.. ...... G ...... ... ... --......... ..^. --....%.. .<.. --[..@.. ... |....h. G nht the Thaumaturge Experience level: 6 Strength: 9 Dexterity: 12 Constitution: 14 Intelligence: 20 Wisdom: 10 Charisma: 10 Health: 0(29) Energy: 53(60) Def: 1 Gold: 268 Moves: 1246 Dungeon seed: 7T5RXP9DXgTTq8hG Game ID: nht_1430646594 Your Inventory: Coins $ - 268 gold pieces Weapons a - a blessed +1 quarterstaff (weapon in hands) N - 14 +0 darts Armor e - an uncursed +0 cloak of magic resistance (being worn) Comestibles A - an uncursed sprig of wolfsbane G - an uncursed fortune cookie L - 3 uncursed food rations Z - an uncursed partly eaten lichen corpse Scrolls S - an uncursed scroll of amnesia Potions Q - an uncursed potion of oil Rings c - a blessed +1 ring of gain strength d - an uncursed ring of stealth (on left hand) u - a blessed +1 ring of increase damage K - an uncursed ring of sustain ability Wands s - a wand of digging (0:7) F - a wand of digging (0:5) M - a wand of make invisible (0:6) U - a wand of digging (0:4) Tools b - an uncursed oilskin sack o - a magic marker (0:16) p - an uncursed tooled horn t - an uncursed blindfold v - an uncursed skeleton key J - 3 blessed tallow candles (0:200) R - an uncursed tallow candle (0:200) T - an uncursed wax candle (0:400) Gems n - an uncursed worthless piece of black glass q - 2 uncursed amber stones y - an uncursed worthless piece of green glass z - 2 uncursed worthless pieces of violet glass P - an uncursed worthless piece of orange glass Y - an uncursed worthless piece of yellowish brown glass Contents of the oilskin sack: an uncursed scroll of enchant armor a blessed scroll of identify a cursed scroll of identify 2 uncursed scrolls of light an uncursed scroll of punishment 3 uncursed scrolls of remove curse a blessed spellbook of blank paper an uncursed potion of fruit juice an uncursed potion of healing an uncursed potion of restore ability an uncursed potion of sleeping Spells known in the end: Name Level Category Fail Memory a - force bolt 1 attack 0% 94% b - magic missile 2 attack 0% 94% c - stone to flesh 3 healing 63% 94% d - detect monsters 1 divination 0% 95% e - healing 1 healing 0% 95% Your skills at the end: Fighting Skills Weapon Skills quarterstaff [Basic] Spellcasting Skills attack spells [Basic] enchantment spells [Basic] Final Attributes: You were piously aligned. You were sleep resistant. You were poison resistant. You were magic-protected. You had infravision. You were stealthy. You were lucky. You are dead. Vanquished creatures: a dwarf king 5 gnome lords a gnomish wizard a gray ooze 6 dwarves an iguana a hobbit a yellow mold 14 gnomes 2 jackals 2 foxen a goblin 6 sewer rats 2 grid bugs 3 lichens 4 newts 51 creatures vanquished. Voluntary challenges: You used a wielded weapon 85 times, starting on turn 75. You read items or engraved 12 times, starting on turn 115. You never genocided any monsters. You never polymorphed an object. You never changed form. You used no wishes. You never split a pudding. You wrote Elbereth's name 2 times, starting on turn 851. You never violated your personal moral code. Dungeon overview: The Dungeons of Doom: levels 1 to 3 Level 1 a fountain a long staircase Level 2 an altar to Ptah , some fountains Level 3 stairs to The Gnomish Mines The Gnomish Mines: levels 4 to 7 Level 4 <- You were here stairs to The Dungeons of Doom Level 5 Level 6 many shops, a temple to Ptah , some fountains, some trees Level 7 History has recorded: On T:1 you entered the Dungeons of Doom to retrieve the Amulet of Yendor! On T:302 you reached level 2 of The Dungeons of Doom. On T:327 you reached level 3 of The Dungeons of Doom. On T:440 you advanced to experience level 2. On T:704 you reached level 1 of The Gnomish Mines. On T:707 you reached level 2 of The Gnomish Mines. On T:711 you reached level 3 of The Gnomish Mines. On T:715 you reached level 4 of The Gnomish Mines. On T:746 you advanced to experience level 3. On T:782 you advanced to experience level 4. On T:1034 you advanced to experience level 5. On T:1205 you advanced to experience level 6. Score breakdown: Gold: 268 ( 8265 points) Experience: 6 levels (12456 points) Exploration: 7 levels ( 14.29%) (10606 points) Discoveries: 14 items ( 5.07%) ( 6756 points) Valuables value: (no points given unless you survive) Artifact value: 0 ( 0 points) Variety of kills: 16 monsters ( 4.22%) ( 6163 points) Time penalty: 1246 turns ( 0 points) Survival: died (score multiplied by 80%) Total score: 35396 Latest messages: You sold a crossbow for 20 gold pieces. You drop a large round shield. A dwarvish roundshield; you sold it for 5 gold pieces. You drop a pair of hard shoes. A pair of iron shoes; you sold it for 6 gold pieces. Your movements are now unencumbered. You put an uncursed potion of restore ability into the bag. You put an uncursed potion of healing into the bag. You put an uncursed potion of fruit juice into the bag. You put an uncursed potion called bub100 into the bag. You hit the dwarf lord. The dwarf lord swings his pick-axe. The dwarf lord hits! The dwarf lord swings his pick-axe. The dwarf lord hits! You die... Final status: Goodbye nht the Wizard, killed by a dwarf lord... You died in The Gnomish Mines on dungeon level 4 with 35396 points, and 268 pieces of gold, after 1246 moves. You were level 6 with a maximum of 29 hit points when you died.